 Dungeon Crawl Stone Soup version 0.30-a0-879-ga8ba668304 (webtiles) character file.

Game seed: 17790456382894447764

5382 Maxmaps the Stickfighter (level 10, -12/67 HPs)
             Began as a Demonspawn Gladiator on Mar 14, 2023.
             Was a Follower of Makhleb.
             Mangled by an orc warrior
             ... wielding a +0 halberd
             ... summoned by an orc warrior
              (14 damage)
             ... in a bailey.
             The game lasted 00:09:01 (9120 turns).

Maxmaps the Stickfighter (Demonspawn Gladiator)     Turns: 9120, Time: 00:09:02

Health: -12/67     AC:  8    Str: 13    XL:     10   Next: 39%
Magic:  0/10       EV: 15    Int: 10    God:    Makhleb [*.....]
Gold:   603        SH:  0    Dex: 20    Spells: 9/9 levels left

rFire   . . .      SeeInvis .    a - +1 quarterstaff
rCold   . . .      Faith    .    (shield currently unavailable)
rNeg    . . .      Spirit   +    s - +0 steam dragon scales
rPois   .          Reflect  .    c - +0 helmet
rElec   .          Rampage  .    k - +0 cloak
rCorr   .                        (no gloves)
Will    .....                    u - +0 pair of boots
Stlth   +++                      (no amulet)
HPRegen 0.31/turn                (no ring)
MPRegen 0.24/turn                (no ring)

@: mighty
A: claws 2, repulsion field 1, powered by pain 2, magic shield, magic
regeneration, thin skeletal structure 1, weak 1
a: Renounce Religion


You were in a bailey.
You worshipped Makhleb.
Makhleb was aware of your devotion.
You visited 2 branches of the dungeon, and saw 10 of its levels.
You also visited: Bailey.

You collected 603 gold pieces.

Inventory:

Hand Weapons
 a - a +1 quarterstaff (weapon)
Missiles
 d - 5 throwing nets (quivered)
 e - a javelin
Armour
 c - a +0 helmet (worn)
 k - a +0 cloak (worn)
 n - a +0 ring mail
 s - +0 steam dragon scales (worn)
 u - a +0 pair of boots (worn)
Jewellery
 p - a +5 ring of evasion
 C - a ring of fire
Wands
 f - a wand of flame (22)
 x - a wand of paralysis (9)
 y - a wand of iceblast (8)
 A - a wand of mindburst (20)
Scrolls
 j - 3 scrolls of teleportation
 l - 3 scrolls of enchant armour
 m - a scroll of magic mapping
 o - a scroll of blinking
 r - 2 scrolls of silence
 w - 5 scrolls of fog
Potions
 g - 2 potions of degeneration
 h - a potion of brilliance
 i - 4 potions of flight
 q - a potion of haste
 v - a potion of might


   Skills:
 - Level 2.0 Fighting
 + Level 15.2 Staves
 - Level 1.7 Throwing
 - Level 2.6 Dodging


You had 9 spell levels left.
You didn't know any spells.
Your spell library contained the following spells:

 Spells                   Type           Power      Damage    Failure   Level
 Ensorcelled Hibernation  Hex/Ice        0%         N/A       50%         2
 Spider Form              Tmut/Pois      0%         N/A       75%         3
 Anguish                  Hex/Necr       0%         N/A       98%         4


Dungeon Overview and Level Annotations

Branches:
Dungeon (9/15)             Temple (1/1) D:7            Lair (0/5) D:8
 Bailey (1/1)
    Orc: D:9-12

Altars:
Ashenzari
Cheibriados
Dithmenos
Hepliaklqana
Kikubaaqudgha
Makhleb
Nemelex Xobeh
Okawaru
Qazlal
Ru
Sif Muna
Trog
Uskayaw
Xom

Portals:
Abyss: D:1***


Innate Abilities, Weirdness & Mutations

You have very sharp fingernails.
You are surrounded by a mild repulsion field. (EV +2)
You sometimes gain power by taking damage.
When hurt, damage is shared between your health and your magic reserves.
You regenerate magic rapidly.
You have a somewhat thin skeletal structure. (Dex +2, Stealth+)
You are weak. (Str -2)


Message History

The orc warrior attacks as you move away!
The orc warrior hits you with a +0 war axe!
The orc attacks as you move away!
The orc splashes around in the water.
The orc warrior hits you with a +0 war axe!
The orc warrior attacks as you move away!
The orc warrior misses you.
The orc priest invokes the aid of Beogh against you.
Beogh smites you!
* * * LOW HITPOINT WARNING * * *
There is an open door here.
The orc warrior attacks as you move away!
The orc warrior hits you with a +0 war axe!
* * * LOW HITPOINT WARNING * * *
You feel very mighty all of a sudden.
The orc warrior hits you with a +0 war axe.
* * * LOW HITPOINT WARNING * * *
You feel better.
The orc priest looks satisfied for a moment.
You feel better.
The orc warrior hits you with a +0 war axe!
* * * LOW HITPOINT WARNING * * *
You sock the orc warrior!
The orc warrior is almost dead.
The orc warrior misses you.
The orc warrior hits you with a +0 war axe!
* * * LOW HITPOINT WARNING * * *
The orc warrior hits you from afar with a +0 halberd.
* * * LOW HITPOINT WARNING * * *
You sock the orc warrior!
You kill the orc warrior!
Makhleb accepts your kill.
You sock the orc warrior!
The orc warrior is heavily wounded.
The orc warrior barely misses you. The orc warrior completely misses you.
You closely miss the orc warrior.
The orc warrior is heavily wounded.
You thump the orc warrior!
The orc warrior is almost dead.
The orc warrior hits you from afar with a +0 halberd!
You die...

##.....##.....##
..##'''##...8...##
..................##
.............(.....#
8...........).8..8..#
............).......#
..####...####......##
.# ~~#####~ ##....##♣
~:?8..o8? #@o.##.♣
~........ #'###..♣♣
..8...8 #oo)~...♣
.... #oo(~...♣♣
#o((~...∩♣ #.~~~...♣♣
#.~~~...♣ #'###..♣♣
..o #.♣


You could see 2 orc warriors, an orc priest (summoned), an orc wizard (summoned)
and 2 orcs.

Vanquished Creatures
  Erica (D:7)
  6 yaks (D:7)
  2 steam dragons
  An orc warrior (Bailey)
  2 sky beasts
  2 ogres
  A centaur (D:5)
  A phantom (D:6)
  6 bullfrogs
  10 scorpions
  10 wights
  12 killer bees (D:7)
  6 electric eels (D:8)
  A howler monkey (D:8)
  5 hounds
  2 jellies (D:5)
  An orc priest (D:4)
  Crazy Yiuf (D:2)
  A gnoll bouda (D:9)
  3 iguanas
  3 orc wizards
  2 sleepcaps
  Robin (D:2)
  4 gnolls
  5 adders
  3 shadow imps
  2 white imps
  2 ufetubi
  A worm (D:4)
  15 orcs
  6 endoplasms
  3 giant cockroaches
  19 goblins
  8 hobgoblins
  6 quokkas
  10 ball pythons
  7 bats
  6 frilled lizards
  7 kobolds
  2 rats
186 creatures vanquished.

Vanquished Creatures (collateral kills)
  A gnoll (D:9)
1 creature vanquished.

Vanquished Creatures (others)
  A goblin (D:2)
  2 fungi (D:4)
3 creatures vanquished.

Grand Total: 190 creatures vanquished

Notes
Turn   | Place    | Note
-------+----------+-------------------------------------------
     0 | D:1      | Maxmaps the Demonspawn Gladiator began the quest for the
                  | Orb.
     0 | D:1      | Reached XP level 1. HP: 16/16 MP: 1/1
   151 | D:1      | Reached skill level 3 in Staves
   354 | D:1      | Gained mutation: You regenerate magic rapidly. [demonic
                  | ancestry]
   354 | D:1      | Reached XP level 2. HP: 20/22 MP: 2/2
   548 | D:1      | Found a faded altar of an unknown god.
  1246 | D:2      | Noticed Robin
  1248 | D:2      | Gained mutation: When hurt, damage is shared between your
                  | health and your magic reserves. [demonic ancestry]
  1248 | D:2      | Reached XP level 3. HP: 26/27 MP: 3/3
  1263 | D:2      | Reached skill level 4 in Staves
  1265 | D:2      | Reached skill level 10 in Staves
  1265 | D:2      | Reached XP level 4. HP: 7/33 MP: 2/4
  1291 | D:2      | Killed Robin
  1510 | D:2      | Found a runed translucent door.
  1511 | D:2      | Noticed Crazy Yiuf
  1518 | D:2      | Killed Crazy Yiuf
  1887 | D:3      | Gained mutation: You have sharp fingernails. [demonic
                  | ancestry]
  1887 | D:3      | Reached XP level 5. HP: 38/38 MP: 5/5
  2413 | D:3      | Found a shimmering blue altar of Sif Muna.
  3055 | D:4      | Gained mutation: You are surrounded by a mild repulsion
                  | field. (EV +2) [demonic ancestry]
  3055 | D:4      | Reached XP level 6. HP: 44/44 MP: 6/6
  3194 | D:4      | Reached skill level 11 in Staves
  3237 | D:4      | Gained mutation: You sometimes gain a little power by
                  | taking damage. [demonic ancestry]
  3237 | D:4      | Reached XP level 7. HP: 48/50 MP: 7/7
  3248 | D:4      | Found the +11 Singing Sword {sonic wave}
  3585 | D:5      | Entered Level 5 of the Dungeon
  3824 | D:5      | Reached skill level 12 in Staves
  3824 | D:5      | Gained mutation: You sometimes gain power by taking damage.
                  | [demonic ancestry]
  3824 | D:5      | Reached XP level 8. HP: 51/56 MP: 6/8
  3963 | D:5      | Found a burning altar of Makhleb.
  5048 | D:6      | Noticed a +0 short sword
  5049 | D:6      | Noticed a +0 falchion
  5049 | D:6      | Noticed a +0 spear
  5050 | D:6      | Noticed a +0 short sword
  5050 | D:6      | Noticed a +0 falchion
  5051 | D:6      | Noticed a +0 spear
  5051 | D:6      | Noticed a +0 dagger
  5383 | D:6      | Found an iron altar of Okawaru.
  5387 | D:6      | Found a bloodstained altar of Trog.
  5392 | D:6      | Found a shimmering altar of Xom.
  5441 | D:6      | Noticed a +0 dagger
  5445 | D:6      | Found a hide-covered altar of Uskayaw.
  5573 | D:7      | Reached skill level 13 in Staves
  5592 | D:7      | Reached XP level 9. HP: 14/61 MP: 3/9
  6053 | D:7      | Gained mutation: You are weak. (Str -2) [potion of
                  | mutation]
  6053 | D:7      | Gained mutation: You have a somewhat thin skeletal
                  | structure. (Dex +2, Stealth+) [potion of mutation]
  6057 | D:7      | HP: 1/61 [killer bee (3)]
  6538 | D:7      | Reached skill level 14 in Staves
  7002 | D:7      | Found a staircase to the Ecumenical Temple.
  7091 | Temple   | Entered the Ecumenical Temple
  7193 | D:5      | Became a worshipper of Makhleb the Destroyer
  7304 | D:8      | Noticed Erica
  7451 | D:7      | Gained mutation: You have very sharp fingernails. [demonic
                  | ancestry]
  7451 | D:7      | Reached XP level 10. HP: 36/67 MP: 5/10
  7563 | D:7      | Killed Erica
  8106 | D:8      | Reached skill level 15 in Staves
  8597 | D:8      | Found a staircase to the Lair.
  9013 | D:9      | Found a flagged portal.
  9041 | Bailey   | Entered a bailey
  9046 | Bailey   | Noticed an orc warlord
  9074 | Bailey   | Reached * piety under Makhleb
  9116 | Bailey   | HP: 2/67 [orc warrior/+0 halberd[an orc warrior] (2)]
  9120 | Bailey   | Mangled by an orc warrior

Illustrated notes

Levels and vault maps discovered:
D:1:      minmay_arrival_glassed_features, layout_loops_corners,
          basic_ecumenical_altar, minmay_close_crescents
D:2:      layout_loops_ring, uniq_robin, uniq_crazy_yiuf_cottage
D:3:      layout_loops_cross, led_sif_book, mainiacjoe_overflow_alcove_1
D:4:      old_forge, layout_basic
D:5:      layout_cave_pods, lemuel_crystal_altar, grunt_decor_one_mirror
D:6:      layout_cave_pools, nicolae_uskayaw_en_pointe,
          grunt_temple_overflow_diamond, serial_rivers,
          chequers_serial_rivers_room_b, chequers_serial_rivers_marsh,
          chequers_serial_rivers_micro_d, chequers_serial_rivers_small_b,
          chequers_serial_rivers_marsh
D:7:      layout_basic, minmay_temple_entry_drinking_statues
D:8:      nicolae_moon_pools, layout_rooms, lair_entry_dummy, uniq_erica
D:9:      layout_basic, fedhas_altar_2, mainiacjoe_overflow_boulevard,
          enter_bailey_2
Temple:   nicolae_temple_cloud_nine
Bailey:   bailey_axe_bossmonster_kennysheep, bailey

Skill      XL: |  1  2  3  4  5  6  7  8  9 10 |
---------------+-------------------------------+-----
Staves         | 3 10 11 12 13 14 15 | 15.2
Fighting       | |  2.0
Throwing       | |  1.7
Dodging        | |  2.6

Action                     |  1- 3 |  4- 6 |  7- 9 | 10-12 || total
---------------------------+-------+-------+-------+-------++-------
  Melee: Quarterstaff      |    80 |   140 |   448 |   150 ||   818
    Use: Potion            |     3 |     2 |     7 |     3 ||    15
         Scroll            |       |     6 |     8 |     2 ||    16
   Stab: Distracted        |     1 |       |       |     1 ||     2
 Armour: Leather armour    |    16 |       |       |       ||    16
         Ring mail         |    12 |    59 |   107 |     8 ||   186
         Skin              |       |       |    14 |       ||    14
         Steam dragon scal |       |       |       |    12 ||    12
  Dodge: Dodged            |    62 |    73 |   204 |    66 ||   405

Table legend: (Time is in decaauts)
 A = Elapsed time spent in this place.
 B = Non-inter-level travel time spent in this place.
 C = Inter-level travel time spent in this place.
 D = Time resting spent in this place.
 E = Time spent auto-exploring this place.
 F = Levels seen in this place.
 G = Mean time per level.
                   A        B        C        D        E       F      G
               +--------+--------+--------+--------+--------+-----+--------+
         Total |   8860 |   8535 |    325 |   1753 |   5314 |  11 |  805.5 |
       Dungeon |   8753 |   8433 |    320 |   1753 |   5273 |   9 |  972.6 |
        Temple |     46 |     42 |      4 |      0 |     34 |   1 |   46.0 |
        Bailey |     59 |     59 |      0 |      0 |      7 |   1 |   59.0 |
               +--------+--------+--------+--------+--------+-----+--------+

Top non-repeatable levels by time:
     D:7: 1900 daAuts
     D:8: 1277 daAuts
     D:5: 1229 daAuts
     D:4: 1072 daAuts
     D:1: 950 daAuts
     D:2: 849 daAuts
     D:6: 746 daAuts
     D:3: 665 daAuts
     D:9: 60 daAuts
  Bailey: 59 daAuts
  Temple: 46 daAuts
